 Dungeon Crawl Stone Soup version 0.22-a0-447-gee5f723 (webtiles) character file.

18 Megalobster the Shooter (level 2, 0/24 HPs)
             Began as a Centaur Hunter on June 3, 2018.
             Slain by a jackal (1 damage)
             ... on level 1 of the Dungeon.
             The game lasted 00:03:32 (917 turns).

Megalobster the Shooter (Centaur Hunter)             Turns: 917, Time: 00:03:32

Health: 0/24       AC:  4    Str: 17    XL:     2   Next: 48%
Magic:  2/2        EV:  9    Int: 10    God:
Gold:   14         SH:  0    Dex:  9    Spells: 1/1 levels left

rFire    . . .     SeeInvis .   b - +0 short sword
rCold    . . .     Gourm    .   (no shield)
rNeg     . . .     Faith    .   c - +0 leather armour
rPois    .         Spirit   .   (no helmet)
rElec    .         Reflect  .   (no cloak)
rCorr    .         Harm     .   (no gloves)
MR       .....                  (no barding)
Stlth    +.........             (no amulet)
HPRegen  0.08/turn              r - +3 ring of strength
MPRegen  0.08/turn              (no ring)

@: very quick
A: large, hooves 3, deformed body, speed 2, tough skin 3
a: no special abilities


You were on level 1 of the Dungeon.
You were not hungry.

You visited 1 branch of the dungeon, and saw 2 of its levels.

You collected 14 gold pieces.

Inventory:

Hand Weapons
 a - a +1 shortbow
 b - a +0 short sword (weapon)
 e - a +0 whip
 g - a +0 hunting sling
 m - a +0 vampiric spear
 s - a +0 hunting sling
Missiles
 d - 41 arrows
 h - 57 stones (quivered)
 q - 25 sling bullets
Armour
 c - a +0 leather armour (worn)
 o - a cursed +0 ring mail
Jewellery
 r - a +3 ring of strength (left hand)
Scrolls
 i - a scroll of amnesia {unknown}
 j - 2 scrolls of fear {unknown}
 p - a scroll of identify {unknown}
Potions
 l - a potion of lignification {unknown}
 n - a potion of berserk rage {unknown}
Comestibles
 f - 4 rations
 k - 3 chunks of flesh


   Skills:
 - Level 2.0 Fighting
 * Level 6.3 Bows
 - Level 1.3 Dodging
 - Level 0.4 Stealth


You had one spell level left.
You didn't know any spells.
Your spell library was empty.

Dungeon Overview and Level Annotations

Branches:
Dungeon (2/15)

Altars:


Innate Abilities, Weirdness & Mutations

You have hooves in place of feet.
Armour fits poorly on your strangely shaped body.
You cover ground very quickly.
You have extremely tough skin. (AC +3)


Message History

You take 4 damage, and have 6/24 hp.
You miss the jackal. The jackal closely misses you. The jackal bites you.
* * * LOW HITPOINT WARNING * * *
The jackal barely misses you.
You closely miss the jackal. The jackal bites you.
* * * LOW HITPOINT WARNING * * *
The jackal bites you but does no damage. x2
You take 3 damage, and have 3/24 hp.
You closely miss the jackal. Your kick misses the jackal.
The jackal closely misses you. x2; The jackal bites you.
* * * LOW HITPOINT WARNING * * *
Some of the chunks of flesh in your inventory have rotted away.
You closely miss the jackal. Your kick misses the jackal.
The jackal bites you but does no damage.
The jackal bites you.
* * * LOW HITPOINT WARNING * * *
The jackal closely misses you.
You closely miss the jackal. The jackal barely misses you. x2
The jackal bites you.
You die...

# #.# #.#.###.###.#.####..
########.# #.#.# #.# #.#.#.....
.......#.# #.#.# #.# #รท#.......
######.#.# #.#.# #.# #.#....... #
#.#.# #.#.###.# #.#..###.. #
#.#.# #..hg...###.#..# #.. #
#.#.# #.#w###.....#..# #.. ##
#.#.# #.#h##.#....#..####. .#
#.#.# #.#@#.###.......# ## .#
#.#.# #.#h##.#.#......# #
.#####.#.# #.#h###.#.......####
.......#.# #...................
.#######.######...##.#...........
....# #........#....##..........
###.# ########...##.###..#######
#.###########...........# #
#..................###.## ##


You could see a worm, 4 jackals and a goblin.

Vanquished Creatures
  2 dart slugs (D:1)
  A ball python (D:1)
  3 bats (D:1)
  2 goblins (D:1)
  3 kobolds (D:1)
  2 frilled lizards (D:1)
  A rat (D:1)
14 creatures vanquished.

Notes
Turn   | Place    | Note
-------+----------+-------------------------------------------
     0 | D:1      | Megalobster the Centaur Hunter began the quest for the Orb.
     0 | D:1      | Reached XP level 1. HP: 17/17 MP: 1/1
   374 | D:1      | Reached skill level 6 in Bows
   374 | D:1      | Reached XP level 2. HP: 22/24 MP: 2/2
   916 | D:1      | HP: 1/24 [jackal (1)]
   917 | D:1      | Slain by a jackal

Vault maps used:
D:1:      lightli_arrival_boilingwater
D:2:      lemuel_doored_altar

Skill      XL: |  1 |
---------------+----+-----
Bows           | 6 |  6.3
Fighting       | |  2.0
Dodging        | |  1.3
Stealth        | |  0.4

Action                   || total
-------------------------++-------
Melee: Short sword       ||    29
       Kick              ||     2
 Fire: Shortbow          ||    20
Armor: Leather armour    ||    22
Dodge: Dodged            ||    32

Table legend:
 A = Spawn XP
 B = Non-spawn XP
 C = Spawn XP percentage of total XP
 D = Spawn monster count
 E = Non-spawn monster count
 F = Spawn count percentage of total count
 G = Total turns spent on level
                    A         B        C        D         E        F      G
               +---------+---------+-------+---------+---------+-------+---------
         Total |       0 |      26 |   0.0 |       0 |      14 |   0.0 |   917
               +---------+---------+-------+---------+---------+-------+---------
           D:1 |       0 |      26 |   0.0 |       0 |      14 |   0.0 |   911
               +---------+---------+-------+---------+---------+-------+---------
